[Event "Titled Tuesday Blitz April 26 Early 2022"]
[White "Kejzar, Petra"]
[Black "Khamdamova, Afruza"]
[WhiteFideId "14610213"]
[BlackFideId "14210444"]
[WhiteElo "2003"]
[BlackElo "1660"]
[Result "0-1"]
[Round "07"]
[TimeControl "180+1"]
[Date "2022.04.26"]
[WhiteClock "0:01:09"]
[BlackClock "0:02:05"]

1. b3 e5 2. Bb2 Nc6 3. e3 d5 4. c4 d4 5. Nf3 Bg4 6. exd4 Nxd4 7. Bxd4 exd4 8. d3 Nf6 9. Nbd2 c5 10. Qe2+ Be7 11. Ne4 O-O 12. h3 Nxe4 13. dxe4 Bxf3 14. Qxf3 Qa5+ 15. Kd1 Bg5 16. Qd3 Rad8 17. h4 Bh6 18. Kc2 f5 19. exf5 Rxf5 20. f3 Re5 21. Be2 Re3 22. Qd2 Rc3+ 0-1


[Site "https://www.chess.com"]

[Event "Titled Tuesday Blitz April 26 Early 2022"]
[White "Kim, Sergey"]
[Black "Guseva, Marina"]
[WhiteFideId "13700570"]
[BlackFideId "4149351"]
[WhiteElo "2545"]
[BlackElo "2071"]
[Result "0-1"]
[Round "07"]
[TimeControl "180+1"]
[Date "2022.04.26"]
[WhiteClock "0:01:28"]
[BlackClock "0:00:58"]

1. d4 d5 2. c4 c6 3. Nf3 Nf6 4. Qc2 a6 5. Nbd2 g6 6. e3 Bg7 7. Bd3 O-O 8. O-O b5 9. b3 Nbd7 10. Bb2 Bb7 11. c5 Re8 12. h3 Nf8 13. Ne5 N6d7 14. f4 f6 15. Nef3 f5 16. Ne5 Nxe5 17. fxe5 Bh6 18. Rae1 a5 19. a3 b4 20. a4 Ba6 21. Bxa6 Rxa6 22. Nf3 Ra7 23. Bc1 e6 24. Kh2 g5 25. Qf2 g4 26. hxg4 fxg4 27. Qg3 Rg7 28. Ng1 Bg5 29. Qxg4 Bh4 30. Qf3 Bxe1 31. Rxe1 Qh4+ 0-1


[Site "https://www.chess.com"]

[Event "Titled Tuesday Blitz April 26 Early 2022"]
[White "Kollars, Dmitrij"]
[Black "Hnydiuk, Aleksander"]
[WhiteFideId "12909572"]
[BlackFideId "1109057"]
[WhiteElo "2584"]
[BlackElo "2374"]
[Result "1-0"]
[Round "07"]
[TimeControl "180+1"]
[Date "2022.04.26"]
[WhiteClock "0:01:37"]
[BlackClock "0:00:03"]

1. c4 c6 2. Nf3 d5 3. e3 Nf6 4. b3 Bg4 5. Bb2 Nbd7 6. d4 e6 7. Nbd2 Bd6 8. Bd3 O-O 9. Qc2 c5 10. O-O cxd4 11. Nxd4 Nc5 12. Nb5 Nxd3 13. Qxd3 Be7 14. Rac1 dxc4 15. Qxd8 Rfxd8 16. Nxc4 Be2 17. Rfe1 Bxc4 18. Rxc4 Rd2 19. Rb1 Rad8 20. Kf1 a6 21. Nc3 Rc2 22. Nd5 Rxc4 23. Nxe7+ Kf8 24. Bxf6 gxf6 25. bxc4 Kxe7 26. Rxb7+ Rd7 27. Rxd7+ Kxd7 28. Ke2 Kd6 29. Kd3 Kc5 30. Kc3 f5 31. Kb3 f6 32. Kc3 e5 33. f4 h5 34. g3 a5 35. a3 a4 36. h3 1-0


[Site "https://www.chess.com"]

[Event "Titled Tuesday Blitz April 26 Early 2022"]
[White "Kosteniuk, Alexandra"]
[Black "Cramling Bellon, Anna"]
[WhiteFideId "4128125"]
[BlackFideId "32009232"]
[WhiteElo "2469"]
[BlackElo "1905"]
[Result "1-0"]
[Round "07"]
[TimeControl "180+1"]
[Date "2022.04.26"]
[WhiteClock "0:02:42"]
[BlackClock "0:00:16"]

1. e4 c5 2. c3 Nf6 3. e5 Nd5 4. d4 cxd4 5. Nf3 e6 6. cxd4 d6 7. Bc4 Nb6 8. Bb3 Nc6 9. Qe2 Be7 10. O-O O-O 11. Nc3 a6 12. Bc2 g6 13. Bh6 Re8 14. Rad1 Qc7 15. h4 dxe5 16. dxe5 Nd7 17. Bf4 h5 18. Rfe1 b5 19. Bg3 Bb7 20. Qe3 Bf8 21. Ne4 Bg7 22. Nf6+ Bxf6 23. exf6 Qd8 24. Rxd7 Qxf6 25. Rxb7 Ne7 26. Ne5 Nd5 27. Qh6 Re7 28. Rxe7 Nxe7 29. Qg5 Qxg5 30. hxg5 Nf5 31. Bxf5 1-0


[Site "https://www.chess.com"]

[Event "Titled Tuesday Blitz April 26 Early 2022"]
[White "Kozak, Adam"]
[Black "Tanenbaum, Zachary"]
[WhiteFideId "753246"]
[BlackFideId "2060850"]
[WhiteElo "2459"]
[BlackElo "2168"]
[Result "1-0"]
[Round "07"]
[TimeControl "180+1"]
[Date "2022.04.26"]
[WhiteClock "0:02:20"]
[BlackClock "0:01:31"]

1. c4 e5 2. Nc3 Nf6 3. d3 Nc6 4. a3 a6 5. g3 Bc5 6. Bg2 d6 7. Nf3 O-O 8. Bg5 h6 9. Bxf6 Qxf6 10. O-O Bf5 11. Nd2 Qe6 12. Nd5 Rac8 13. Rb1 Bh3 14. Bxh3 Qxh3 15. b4 Ba7 16. b5 axb5 17. cxb5 Qe6 18. bxc6 Qxd5 19. cxb7 Rb8 20. Qb3 Qxb3 21. Rxb3 Bb6 22. a4 d5 23. Ra1 Ba5 24. Nf3 f6 25. Rb5 Bc3 26. Ra3 d4 27. a5 c6 28. Rb6 f5 29. Nxe5 1-0


[Site "https://www.chess.com"]

[Event "Titled Tuesday Blitz April 26 Early 2022"]
[White "Kozak, Antoni"]
[Black "Matveeva, Olga"]
[WhiteFideId "21832030"]
[BlackFideId "24107018"]
[WhiteElo "2236"]
[BlackElo "2083"]
[Result "1-0"]
[Round "07"]
[TimeControl "180+1"]
[Date "2022.04.26"]
[WhiteClock "0:02:50"]
[BlackClock "0:02:14"]

1. Nf3 e6 2. d4 d5 3. e3 Nf6 4. Bd3 c5 5. b3 Nc6 6. Bb2 cxd4 7. exd4 Be7 8. Nbd2 O-O 9. a3 a6 10. Qe2 b5 11. Ne5 Bb7 12. f4 Nd7 13. Ndf3 f6 14. Nxc6 Bxc6 15. Qxe6+ Kh8 16. Qxc6 Re8 17. O-O 1-0


[Site "https://www.chess.com"]

[Event "Titled Tuesday Blitz April 26 Early 2022"]
[White "Koziorowicz, Michal"]
[Black "Bethke, Richard"]
[WhiteFideId "21809194"]
[BlackFideId "12959243"]
[WhiteElo "2235"]
[BlackElo "2539"]
[Result "1-0"]
[Round "07"]
[TimeControl "180+1"]
[Date "2022.04.26"]
[WhiteClock "0:01:33"]
[BlackClock "0:01:32"]

1. e4 c5 2. Nf3 d6 3. Bb5+ Bd7 4. Bxd7+ Qxd7 5. O-O Nf6 6. Re1 Nc6 7. c3 e6 8. d4 cxd4 9. cxd4 d5 10. e5 Ne4 11. Nbd2 Nxd2 12. Bxd2 Be7 13. Rc1 O-O 14. a3 Rfc8 15. Rc3 b5 16. Rd3 b4 17. a4 Na5 18. b3 Rc7 19. h4 Rac8 20. Ng5 h6 21. Nh3 Rc2 22. Qh5 Rxd2 23. Rxd2 Nxb3 24. Rd3 Rc3 25. Ree3 Qxa4 26. Kh2 Qa1 27. Rf3 g6 28. Qxh6 Rxd3 29. Rxd3 Nxd4 30. h5 Nf5 31. Qf4 gxh5 32. Ng1 f6 33. Nf3 fxe5 34. Nxe5 Qxe5 35. Qxe5 Bd6 36. Rg3+ 1-0


[Site "https://www.chess.com"]

[Event "Titled Tuesday Blitz April 26 Early 2022"]
[White "Lach, Aleksandra"]
[Black "volunteers1998"]
[WhiteFideId "1134299"]
[WhiteElo "2172"]
[BlackElo "2308"]
[Result "1-0"]
[Round "07"]
[TimeControl "180+1"]
[Date "2022.04.26"]
[WhiteClock "0:00:13"]
[BlackClock "0:00:02"]

1. e4 c5 2. Nc3 Nc6 3. Bb5 e6 4. Bxc6 bxc6 5. d3 d5 6. f4 Nf6 7. e5 Nd7 8. Nf3 Be7 9. O-O O-O 10. b3 a5 11. Na4 Ba6 12. c4 d4 13. Ba3 Rb8 14. Qe1 h6 15. Nd2 Qc7 16. Ne4 Rbd8 17. Naxc5 Nxc5 18. Bxc5 Bxc5 19. Nxc5 Qb6 20. Ne4 c5 21. f5 exf5 22. Rxf5 Bb7 23. Nd6 Bc6 24. Qg3 Bd7 25. Rf2 Be6 26. Raf1 Qc7 27. Ne4 Kh8 28. Qf4 a4 29. g4 axb3 30. axb3 Rb8 31. g5 h5 32. Ng3 Bg4 33. Re1 Rxb3 34. h3 Be6 35. Nxh5 Rxd3 36. Ng3 Ra8 37. Qh4+ Kg8 38. Kh2 Raa3 39. Rg2 Bxc4 40. g6 Bd5 41. gxf7+ Kxf7 42. Rf2+ Kg8 43. Rg1 1-0


[Site "https://www.chess.com"]

[Event "Titled Tuesday Blitz April 26 Early 2022"]
[White "Lauridsen, Jesper Morch"]
[Black "Przybylski, Wojciech"]
[WhiteFideId "1401890"]
[BlackFideId "1117599"]
[WhiteElo "2291"]
[BlackElo "2133"]
[Result "0-1"]
[Round "07"]
[TimeControl "180+1"]
[Date "2022.04.26"]
[WhiteClock "0:00:02"]
[BlackClock "0:00:08"]

1. e4 c5 2. Nf3 e6 3. d4 cxd4 4. Nxd4 Nc6 5. Nc3 Qc7 6. Be3 a6 7. Be2 Nf6 8. O-O d6 9. f4 Be7 10. Nxc6 bxc6 11. Bf3 e5 12. fxe5 dxe5 13. Na4 O-O 14. Nb6 Rb8 15. Nxc8 Rfxc8 16. b3 Bb4 17. c4 Rd8 18. Qe2 Bc3 19. Rad1 c5 20. Bg5 Bd4+ 21. Rxd4 Rxd4 22. Bxf6 gxf6 23. Bg4 Kh8 24. Rxf6 Rg8 25. h3 Rg6 26. Rf5 Qe7 27. Qf2 Kg8 28. Bh5 Rg7 29. Rf6 Rd6 30. Rf5 Re6 31. Kh2 Qd7 32. Qxc5 h6 33. Bg4 Qd2 34. Rf3 h5 35. Qc8+ Kh7 36. Bf5+ Reg6 37. Bxg6+ fxg6 38. Qe6 Qd8 39. Rf7 Qg5 40. Rxg7+ Kxg7 41. Qd7+ Kh6 42. Qe8 Qf4+ 43. Kh1 Qxe4 0-1


[Site "https://www.chess.com"]

[Event "Titled Tuesday Blitz April 26 Early 2022"]
[White "Lazavik, Denis"]
[Black "Shankland, Sam"]
[WhiteFideId "13515110"]
[BlackFideId "2004887"]
[WhiteElo "2437"]
[BlackElo "2618"]
[Result "0-1"]
[Round "07"]
[TimeControl "180+1"]
[Date "2022.04.26"]
[WhiteClock "0:00:23"]
[BlackClock "0:00:40"]

1. d4 d5 2. c4 c6 3. Nf3 Nf6 4. e3 e6 5. b3 Ne4 6. Bd3 Bb4+ 7. Nbd2 Nd7 8. O-O f5 9. Bb2 Qf6 10. Qc1 g5 11. Bxe4 fxe4 12. Ne5 Nxe5 13. dxe5 Qe7 14. f3 exf3 15. Rxf3 Bd7 16. a3 Ba5 17. b4 Bb6 18. Nb3 g4 19. Rf6 dxc4 20. Qxc4 Bxe3+ 21. Kh1 O-O-O 22. Bd4 Bxd4 23. Qxd4 Kb8 24. Qxg4 Bc8 25. Qf3 Rd5 26. Re1 Rhd8 27. h3 h5 28. Qf4 Qh7 29. Nc5 Rd1 30. Qe3 Rxe1+ 31. Qxe1 Qc2 32. Kh2 Rd1 33. Qe3 Qb1 34. Rf8 h4 35. g3 Re1 36. Qf2 Qd1 37. gxh4 Re2 0-1


[Site "https://www.chess.com"]

[Event "Titled Tuesday Blitz April 26 Early 2022"]
[White "Legenia, Artem"]
[Black "Melikhov, Evgeny V."]
[WhiteFideId "14136945"]
[BlackFideId "4122046"]
[WhiteElo "1936"]
[BlackElo "1931"]
[Result "0-1"]
[Round "07"]
[TimeControl "180+1"]
[Date "2022.04.26"]
[WhiteClock "0:02:36"]
[BlackClock "0:01:35"]

1. b4 e5 2. a3 d6 3. Bb2 f5 4. e3 Nf6 5. Nf3 g6 6. Be2 Bg7 7. O-O O-O 8. d4 e4 9. Nfd2 d5 10. c4 c6 11. b5 Be6 12. Nc3 Nbd7 13. a4 a6 14. a5 axb5 15. cxb5 Rxa5 16. Ba3 Rf7 17. bxc6 bxc6 18. Bb4 Rxa1 19. Qxa1 h6 20. Rc1 f4 21. Bf1 fxe3 22. fxe3 Ng4 23. Re1 Qh4 24. Bd6 Qf2+ 25. Kh1 Qxd2 0-1


[Site "https://www.chess.com"]

[Event "Titled Tuesday Blitz April 26 Early 2022"]
[White "Leiva, Gianmarco"]
[Black "Sanal, Vahap"]
[WhiteFideId "3804399"]
[BlackFideId "6300545"]
[WhiteElo "2323"]
[BlackElo "2603"]
[Result "0-1"]
[Round "07"]
[TimeControl "180+1"]
[Date "2022.04.26"]
[WhiteClock "0:01:03"]
[BlackClock "0:02:02"]

1. e4 d6 2. d4 Nf6 3. Nc3 e5 4. f3 exd4 5. Qxd4 Nc6 6. Qd2 g6 7. b3 Bg7 8. Bb2 O-O 9. O-O-O a5 10. Kb1 Be6 11. f4 a4 12. f5 gxf5 13. exf5 Bxf5 14. Bd3 Bg6 15. Nxa4 Ne5 16. Bxg6 hxg6 17. Nf3 Nc4 18. Qg5 Rxa4 19. bxa4 Nxb2 20. Rd4 c5 21. Rc4 Nxc4 0-1


[Site "https://www.chess.com"]

[Event "Titled Tuesday Blitz April 26 Early 2022"]
[White "Ljukin, Sergei"]
[Black "Mirzoev, Azer"]
[WhiteFideId "14102200"]
[BlackFideId "13400304"]
[WhiteElo "2312"]
[BlackElo "2525"]
[Result "0-1"]
[Round "07"]
[TimeControl "180+1"]
[Date "2022.04.26"]
[WhiteClock "0:00:01"]
[BlackClock "0:00:03"]

1. e4 c6 2. d4 d5 3. e5 Bf5 4. Nd2 e6 5. Nb3 Nd7 6. Nf3 Ne7 7. Be2 h6 8. O-O Bh7 9. a4 Ng6 10. a5 a6 11. Be3 Be7 12. c4 O-O 13. Nfd2 Nh4 14. f4 Rc8 15. Bf2 Ng6 16. g3 Kh8 17. Rc1 f6 18. f5 exf5 19. e6 Nb8 20. Bd3 f4 21. g4 Re8 22. Qc2 Nf8 23. Bxh7 Nxh7 24. Qf5 Bb4 25. Nf3 Nf8 26. Nc5 Bxc5 27. dxc5 Nxe6 28. Rcd1 Ng5 29. Nxg5 fxg5 30. cxd5 cxd5 31. Rxd5 Qc7 32. Bd4 Rcd8 33. Rxd8 Rxd8 34. Bc3 Nc6 35. Re1 Kg8 36. Re6 Rf8 37. Qe4 Qd7 38. Rxh6 Qxg4+ 39. Kh1 Qf5 40. Qxf5 Rxf5 41. Rd6 Rxc5 42. Rd7 Ne5 43. Rxb7 Nf3 44. Kg2 Nh4+ 45. Kf2 Nf5 46. Rb6 Rd5 47. Rxa6 g4 48. Rb6 g3+ 49. hxg3 fxg3+ 50. Kf3 Rd3+ 51. Kg2 Nh4+ 52. Kh3 g2+ 0-1


[Site "https://www.chess.com"]

[Event "Titled Tuesday Blitz April 26 Early 2022"]
[White "Lopez, Henry"]
[Black "Atakhan, Abtin"]
[WhiteFideId "5203830"]
[BlackFideId "22502203"]
[WhiteElo "2177"]
[BlackElo "2094"]
[Result "0-1"]
[Round "07"]
[TimeControl "180+1"]
[Date "2022.04.26"]
[WhiteClock "0:00:05"]
[BlackClock "0:00:28"]

1. d4 Nf6 2. Nf3 g6 3. c4 Bg7 4. Nc3 d5 5. h4 c6 6. cxd5 cxd5 7. Bf4 O-O 8. e3 a6 9. Rc1 Nc6 10. Be2 Bg4 11. Ne5 Bxe2 12. Qxe2 Nh5 13. Bh2 Nxe5 14. dxe5 d4 15. Rd1 f6 16. g4 fxe5 17. gxh5 Qa5 18. Qc4+ Kh8 19. Qa4 Qb6 20. Nd5 Qxb2 21. O-O Qe2 22. hxg6 Qg4+ 23. Bg3 Rf3 24. Kh2 Raf8 25. exd4 exd4 26. Rde1 e5 27. gxh7 e4 28. Qc4 e3 29. Nxe3 Rxf2+ 30. Rxf2 Rxf2+ 31. Ng2 Rf8 32. Qd3 b5 33. Re4 Qg6 34. Rxd4 Qf7 35. Rd7 Qxa2 36. Qg6 Qb2 37. h5 Qf6 38. Nf4 Qb2+ 39. Kh3 Qa1 0-1


[Site "https://www.chess.com"]

[Event "Titled Tuesday Blitz April 26 Early 2022"]
[White "Maghsoodloo, Parham"]
[Black "Gokerkan, Cem Kaan"]
[WhiteFideId "12539929"]
[BlackFideId "6336760"]
[WhiteElo "2630"]
[BlackElo "2382"]
[Result "0-1"]
[Round "07"]
[TimeControl "180+1"]
[Date "2022.04.26"]
[WhiteClock "0:00:05"]
[BlackClock "0:00:13"]

1. d4 Nf6 2. c4 e6 3. Nf3 d5 4. Nc3 Be7 5. cxd5 exd5 6. Bf4 O-O 7. e3 c6 8. Bd3 Re8 9. h3 Nbd7 10. Qc2 Nf8 11. Rb1 a5 12. a3 Ng6 13. Bh2 Bd6 14. Bxd6 Qxd6 15. b4 a4 16. Nxa4 Nf4 17. Nc5 b6 18. Nb3 Rxa3 19. Ne5 Qxb4+ 20. Nd2 Nxd3+ 21. Nxd3 Qxd4 22. Rb3 Rxb3 23. Nxb3 Qc4 24. Kd2 Bf5 25. Rc1 Ne4+ 26. Ke1 c5 27. Nf4 Qb4+ 28. Nd2 Nxd2 29. Nxd5 Nf3+ 30. Ke2 Nd4+ 31. Kf1 Nxc2 0-1


[Site "https://www.chess.com"]

[Event "Titled Tuesday Blitz April 26 Early 2022"]
[White "Maksimovic, Bojan"]
[Black "Sarana, Alexey"]
[WhiteFideId "14408120"]
[BlackFideId "24133795"]
[WhiteElo "2448"]
[BlackElo "2666"]
[Result "0-1"]
[Round "07"]
[TimeControl "180+1"]
[Date "2022.04.26"]
[WhiteClock "0:00:02"]
[BlackClock "0:00:21"]

1. e4 c5 2. Nf3 d6 3. d4 cxd4 4. Nxd4 Nf6 5. Nc3 a6 6. Be2 e5 7. Nb3 Be7 8. O-O O-O 9. Qd3 Be6 10. Bd2 Nbd7 11. Nd5 Bxd5 12. exd5 Qb8 13. a4 Rc8 14. a5 Bd8 15. c4 b6 16. axb6 Bxb6 17. Bc3 Bxf2+ 18. Rxf2 Qxb3 19. Raf1 Nc5 20. Qe3 Nce4 21. Rf3 Rab8 22. Bd3 Rxc4 23. Bxc4 Qxc4 24. h3 h6 25. Kh2 Rf8 26. Qe1 Nxd5 27. Qh4 Nd2 28. Qxc4 Nxc4 29. Be1 Rb8 30. Rd3 Nf4 31. Rd1 Rxb2 32. Rf2 Rb6 33. g3 Ne6 34. Re2 a5 35. Ra2 Ra6 36. Kg2 Ne3+ 37. Kf3 Nxd1 0-1


[Site "https://www.chess.com"]

[Event "Titled Tuesday Blitz April 26 Early 2022"]
[White "Matamoros Franco, Carlos S."]
[Black "Redor, Menandro"]
[WhiteFideId "3600017"]
[BlackFideId "5222010"]
[WhiteElo "2554"]
[BlackElo "1986"]
[Result "1-0"]
[Round "07"]
[TimeControl "180+1"]
[Date "2022.04.26"]
[WhiteClock "0:00:06"]
[BlackClock "0:00:01"]

1. c4 c6 2. Nf3 d5 3. g3 g6 4. Qa4 dxc4 5. Qxc4 Bg7 6. Bg2 Nf6 7. O-O O-O 8. d3 Nbd7 9. Qh4 Qc7 10. Bh6 Ne5 11. Nbd2 Bxh6 12. Qxh6 Neg4 13. Qg5 b6 14. h3 h6 15. Qf4 e5 16. Qa4 b5 17. Qc2 e4 18. dxe4 Ne5 19. Nd4 a6 20. f4 Qb6 21. e3 c5 22. fxe5 cxd4 23. Rxf6 Be6 24. Nb3 dxe3 25. Qc5 Qb8 26. Qxe3 Qxe5 27. Rf2 Rad8 28. Raf1 Bc4 29. Re1 Rd3 30. Qf4 Qe7 31. Nc1 Rd7 32. Qxh6 Rfd8 33. Ne2 Qe5 34. Nf4 Rd2 35. Ne6 Qd5 36. exd5 fxe6 37. Rxd2 Rd7 38. Qxg6+ Kf8 39. Qf6+ Rf7 40. Qh8+ Ke7 41. dxe6 Rf6 42. Qd8# 1-0


[Site "https://www.chess.com"]

[Event "Titled Tuesday Blitz April 26 Early 2022"]
[White "Migot, Tangi"]
[Black "Vlassov, Nikolai"]
[WhiteFideId "662445"]
[BlackFideId "4103360"]
[WhiteElo "2543"]
[BlackElo "2407"]
[Result "0-1"]
[Round "07"]
[TimeControl "180+1"]
[Date "2022.04.26"]
[WhiteClock "0:00:06"]
[BlackClock "0:00:12"]

1. Nf3 c5 2. g3 Nc6 3. d4 cxd4 4. Nxd4 g6 5. Bg2 Bg7 6. Nxc6 bxc6 7. O-O h5 8. c4 h4 9. Qc2 hxg3 10. hxg3 Nf6 11. Nc3 Rb8 12. b3 Ng4 13. Bb2 Qa5 14. Rfd1 Qh5 15. Ne4 Kf8 16. Bxg7+ Kxg7 17. Qc3+ f6 18. f3 Ne5 19. Rd2 d6 20. f4 Nf7 21. Nf2 Nh6 22. e4 Ng4 23. Nxg4 Bxg4 24. e5 dxe5 25. fxe5 Qxe5 26. Qxe5 fxe5 27. Re1 Rh5 28. Bxc6 Rbh8 29. Bg2 Kf6 30. Rf2+ Rf5 31. Be4 Rxf2 32. Kxf2 Rh2+ 33. Bg2 Bh3 34. Rg1 e4 35. g4 Bxg2 36. Rxg2 e3+ 37. Kf3 Rh3+ 38. Ke2 Ke5 39. Rg1 Ke4 40. Rg2 Rh1 41. g5 Ra1 42. Rg4+ Kf5 43. Rd4 Rxa2+ 44. Kxe3 Rb2 45. Rd3 Kxg5 46. Ke4 Kf6 47. Kd5 g5 48. c5 Rc2 49. b4 g4 50. Kc6 Kf5 51. Kd7 e5 52. c6 e4 53. Rd5+ Kf4 54. c7 Rxc7+ 55. Kxc7 g3 56. Kb7 e3 57. Rd1 e2 58. Re1 Ke3 59. Kxa7 Kf2 60. Ra1 g2 61. b5 e1=Q 62. Rxe1 Kxe1 63. b6 g1=Q 64. Ka8 Qg8+ 65. Ka7 Qa2+ 66. Kb8 Qh2+ 67. Ka8 Qg2+ 68. b7 Kd2 69. Ka7 Qf2+ 70. Ka8 Qf3 71. Ka7 Qe3+ 72. Ka8 Qe4 73. Ka7 Qd4+ 74. Ka6 Qb4 75. Ka7 Qa5+ 76. Kb8 Kc3 77. Kc8 Qc5+ 78. Kd7 Qb6 79. Kc8 Qc6+ 80. Kb8 Kb4 81. Ka7 Qc7 82. Ka8 Qa5+ 83. Kb8 Kc5 84. Kc8 Kc6 85. b8=Q Qf5+ 86. Kd8 Qd7# 0-1


[Site "https://www.chess.com"]

[Event "Titled Tuesday Blitz April 26 Early 2022"]
[White "Mikhnenko, Alexander"]
[Black "Ezat, Mohamed"]
[WhiteFideId "34143014"]
[BlackFideId "10600906"]
[WhiteElo "2117"]
[BlackElo "2386"]
[Result "0-1"]
[Round "07"]
[TimeControl "180+1"]
[Date "2022.04.26"]
[WhiteClock "0:01:34"]
[BlackClock "0:02:04"]

1. e4 c5 2. Nf3 Nc6 3. Bb5 e6 4. Bxc6 dxc6 5. O-O Ne7 6. d3 Ng6 7. Nbd2 Bd6 8. Nc4 Bc7 9. a4 O-O 10. Be3 b6 11. e5 Ba6 12. Qe2 Bxc4 13. dxc4 Nxe5 14. Nxe5 Bxe5 15. Bxc5 Bxh2+ 16. Kxh2 bxc5 17. b3 Qh4+ 18. Kg1 Rad8 19. Rad1 Rd4 20. c3 Rxd1 21. Rxd1 Rd8 22. Rxd8+ Qxd8 23. g3 g6 24. Qe5 Qd1+ 25. Kg2 Qxb3 26. Qxc5 Qxa4 27. Qd6 Qxc4 28. Qb8+ Kg7 29. Qe5+ Kh6 30. Qe3+ g5 31. Qe5 Qd5+ 0-1


[Site "https://www.chess.com"]

[Event "Titled Tuesday Blitz April 26 Early 2022"]
[White "Mohammadian, Mohammad"]
[Black "Minko, Dmitry"]
[WhiteFideId "12566055"]
[BlackFideId "24188468"]
[WhiteElo "1544"]
[BlackElo "1928"]
[Result "0-1"]
[Round "07"]
[TimeControl "180+1"]
[Date "2022.04.26"]
[WhiteClock "0:00:55"]
[BlackClock "0:00:10"]

1. e4 e5 2. Nf3 Nc6 3. Bb5 Nf6 4. O-O Nxe4 5. Re1 Nd6 6. Bxc6 dxc6 7. Nxe5 Be7 8. d4 O-O 9. Bf4 Bf6 10. c3 g5 11. Bg3 h6 12. Qh5 Bg7 13. Nd2 Nf5 14. Qf3 Nxg3 15. hxg3 Be6 16. Qe3 Qd5 17. Ndf3 Rad8 18. b3 Rfe8 19. Qe4 Qxe4 20. Rxe4 f6 21. Nc4 Bd5 22. Rxe8+ Rxe8 23. Re1 Rxe1+ 24. Nxe1 f5 25. Kf1 c5 26. Ne5 cxd4 27. cxd4 c5 28. N5d3 Bxd4 29. f3 c4 30. bxc4 Bxc4 31. Ke2 Bxa2 32. Nb4 Bc4+ 33. Kd2 a5 34. Nbd3 b5 35. f4 Kf7 36. fxg5 hxg5 37. Nf3 Bf6 38. Nfe5+ Ke6 39. Nxc4 bxc4 40. Ne1 a4 41. Kc2 a3 42. Kb1 Kd5 43. Nc2 Bb2 44. Ka2 Ke4 45. Nb4 Kd4 46. Nc6+ Kd3 47. Ne5+ Bxe5 48. Kxa3 Kd2 49. Kb4 c3 50. Kc5 c2 51. Kd5 Bxg3 52. Ke6 c1=Q 53. Kxf5 Qf1+ 54. Kxg5 Qf4+ 55. Kg6 Qe5 56. Kf7 Qd6 57. Kg7 Be5+ 58. Kf7 Qf6+ 59. Ke8 Qg7 60. Kd8 Bc7+ 61. Kc8 Bd6 62. Kd8 Qe7+ 63. Kc8 Qc7# 0-1


[Site "https://www.chess.com"]

[Event "Titled Tuesday Blitz April 26 Early 2022"]
[White "Molina, Roberto Junio Brito"]
[Black "Ianov, Viktor"]
[WhiteFideId "2109450"]
[BlackFideId "14102730"]
[WhiteElo "2432"]
[BlackElo "2161"]
[Result "1/2-1/2"]
[Round "07"]
[TimeControl "180+1"]
[Date "2022.04.26"]
[WhiteClock "0:00:05"]
[BlackClock "0:00:43"]

1. e4 d6 2. d4 Nf6 3. Nc3 c6 4. f4 Qb6 5. e5 Nd5 6. Nxd5 cxd5 7. c3 Nc6 8. Qb3 e6 9. Nf3 Bd7 10. Bd3 g6 11. Be3 h5 12. g3 Be7 13. Kf2 Rc8 14. h3 Na5 15. Qxb6 axb6 16. Rag1 Nc4 17. Bc1 b5 18. a3 dxe5 19. fxe5 Bc6 20. Ke2 Kd7 21. Rf1 Rcf8 22. Rf2 Ke8 23. Kf1 Rhg8 24. Bh6 Rh8 25. Bxf8 Kxf8 26. Kg2 Kg7 27. Re1 Be8 28. Ree2 Bd8 29. g4 h4 30. Kf1 Be7 31. Ke1 Bd8 32. Kd1 Be7 33. Kc2 Bc6 34. Ne1 Bg5 35. Ng2 Rf8 36. Rf3 Be8 37. Ref2 Bc6 38. Nf4 Bxf4 39. Rxf4 Be8 40. Rf6 Rh8 41. Kc1 Rh7 42. Kd1 Rh8 43. Ke1 Rh7 44. Kf1 Rh8 45. Kg2 Rh7 46. Kf3 Rh8 47. Kf4 Rh7 48. Kg5 Rh8 49. b3 Nb6 50. Bxg6 fxg6 51. Rxe6 Nc8 52. Rff6 Bf7 53. Rxg6+ Bxg6 54. Rxg6+ Kf7 55. Rf6+ Kg7 56. Rg6+ Kf7 57. Rf6+ Kg7 58. Rg6+ 1/2-1/2


[Site "https://www.chess.com"]

[Event "Titled Tuesday Blitz April 26 Early 2022"]
[White "Moroni, Luca Jr"]
[Black "Paravyan, David"]
[WhiteFideId "865834"]
[BlackFideId "4194985"]
[WhiteElo "2573"]
[BlackElo "2569"]
[Result "0-1"]
[Round "07"]
[TimeControl "180+1"]
[Date "2022.04.26"]
[WhiteClock "0:00:06"]
[BlackClock "0:00:12"]

1. d4 Nf6 2. c4 g6 3. g3 c6 4. Bg2 d5 5. Qa4 Nfd7 6. cxd5 Nb6 7. Qd1 cxd5 8. Nc3 Nc6 9. Nf3 Bf5 10. O-O Qd7 11. a4 Bg7 12. a5 Nc4 13. a6 bxa6 14. Rxa6 Nb4 15. Ra1 Bc2 16. Qe1 Bb3 17. e4 Nc2 18. Qe2 Nxa1 19. Nxd5 Nb6 20. Bf4 Nxd5 21. exd5 Bxd5 22. Rxa1 O-O 23. Be5 Qb7 24. Bxg7 Kxg7 25. Ra5 Kg8 26. h4 h5 27. Ne1 Bxg2 28. Nxg2 Rab8 29. Nf4 Qxb2 30. Qxe7 Qxd4 31. Qxa7 Rb1+ 32. Kh2 Qe4 33. Ng2 Rb2 34. Ra2 Rxa2 35. Qxa2 Rd8 36. Qb2 Rd1 37. Qa2 Qb1 38. Qxb1 Rxb1 39. Nf4 Rb2 40. Kg2 Ra2 41. Nd3 Kg7 42. Nb4 Ra8 43. Nd5 Re8 44. Nf4 Rh8 45. Nd3 Ra8 46. Nf4 Kf6 47. Nh3 Kf5 48. Ng5 Ra7 49. Nf3 Kf6 50. Ng5 Rd7 51. Ne4+ Ke5 52. Ng5 Ra7 53. Nf3+ Ke4 54. Ng5+ Kd3 55. Kf3 Ra5 56. Kg2 Rf5 57. Nh3 Ke2 58. Ng1+ Kd2 59. Nf3+ Kd3 60. Ng1 Ra5 61. Nf3 Ke4 62. Ng5+ Rxg5 63. hxg5 Kf5 64. f4 Kg4 65. Kf2 h4 66. gxh4 Kxf4 0-1


[Site "https://www.chess.com"]

[Event "Titled Tuesday Blitz April 26 Early 2022"]
[White "Myshakov, Fyodor"]
[Black "Arabidze, Meri"]
[WhiteFideId "14111284"]
[BlackFideId "13604040"]
[WhiteElo "2310"]
[BlackElo "2335"]
[Result "1-0"]
[Round "07"]
[TimeControl "180+1"]
[Date "2022.04.26"]
[WhiteClock "0:00:59"]
[BlackClock "0:01:08"]

1. c4 f5 2. Nc3 Nf6 3. Nf3 e6 4. g3 b6 5. Bg2 Bb7 6. O-O Be7 7. d3 O-O 8. b3 Ng4 9. Bb2 Bf6 10. a3 Nc6 11. b4 Ne7 12. Qc2 Qe8 13. Rad1 Qh5 14. h3 Nh6 15. Nb5 Bxb2 16. Qxb2 Rfc8 17. c5 a6 18. Nbd4 Bd5 19. cxb6 cxb6 20. Rc1 Nf7 21. Rxc8+ Rxc8 22. Rc1 Nd6 23. Rxc8+ Nexc8 24. Qc1 Qe8 25. Ne5 Bxg2 26. Kxg2 Qd8 27. f4 Nf7 28. Ndf3 Ncd6 29. Nxf7 Nxf7 30. Qc4 Qa8 31. Qc7 Qc6 32. Qb8+ Nd8 33. Qxd8+ Kf7 34. Kf2 d6 35. Ng5+ Kg6 36. Qe7 1-0


[Site "https://www.chess.com"]